 Dungeon Crawl Stone Soup version 0.27-a0-1090-gb115f176c6 (console) character file.

Game seed: 4602573517822995497

25 nht the Charlatan (level 2, 21/21 HPs)
             Began as a Demonspawn Artificer on Apr 27, 2021.
             Quit the game on level 1 of the Dungeon.
             The game lasted 00:01:00 (848 turns).

nht the Charlatan (Demonspawn Artificer)             Turns: 848, Time: 00:01:01

Health: 21/21      AC:  3    Str: 18    XL:     2   Next: 86%
Magic:  2/2        EV: 11    Int: 12    God:
Gold:   20         SH:  0    Dex: 13    Spells: 1/1 levels left

rFire    . . .     SeeInvis .   a - +0 club
rCold    . . .     Faith    .   (no shield)
rNeg     . . .     Spirit   .   b - +0 leather armour
rPois    .         Reflect  .   (no helmet)
rElec    .         Harm     .   (no cloak)
rCorr    .         Rampage  .   (no gloves)
Will     .....                  (no boots)
Stlth    +.........             (no amulet)
HPRegen  0.07/turn              g - +6 ring of strength
MPRegen  0.08/turn              (no ring)

@: no status effects
A: powered by pain 1
a: no special abilities


You were on level 1 of the Dungeon.
You visited 1 branch of the dungeon, and saw 2 of its levels.

You collected 20 gold pieces.

Inventory:

Hand Weapons
 a - a +0 club (weapon)
Armour
 b - a +0 leather armour (worn)
Jewellery
 g - a +6 ring of strength (left hand)
 i - an amulet of faith
Wands
 d - a wand of charming (15)
Scrolls
 f - a scroll of identify {unknown}
 h - a scroll of noise {unknown}
Potions
 j - a potion of berserk rage {unknown}
Miscellaneous
 e - a piece from Xom's chessboard (15/15)


   Skills:
 - Level 1.0 Fighting
 - Level 1.7 Armour
 - Level 0.8 Dodging
 - Level 0.8 Stealth
 + Level 4.1 Evocations


You had one spell level left.
You didn't know any spells.
Your spell library was empty.

Dungeon Overview and Level Annotations

Branches:
Dungeon (2/15)

Altars:


Innate Abilities, Weirdness & Mutations

You sometimes gain a little power by taking damage.


Message History

The frilled lizard bites you but does no damage.
A frilled lizard is nearby!
You hit the frilled lizard.
The frilled lizard is heavily wounded.
The frilled lizard closely misses you.
The frilled lizard completely misses you.
A frilled lizard is nearby!
You hit the frilled lizard.
You kill the frilled lizard!
A rat comes into view.
You barely miss the rat. The rat bites you but does no damage.
You barely miss the rat. The rat completely misses you.
A rat is nearby!
You closely miss the rat. The rat closely misses you. x2
A rat is nearby!
You hit the rat but do no damage. The rat bites you.
A rat is nearby!
You hit the rat.
You kill the rat!
You see here a rat corpse.
A hobgoblin comes into view.
You see here 12 gold pieces.
A hobgoblin is nearby!
A bat comes into view.
There are monsters nearby!
There are monsters nearby!
You barely miss the hobgoblin. The bat hits you but does no damage.
The hobgoblin barely misses you. The hobgoblin misses you.
There are monsters nearby!
You hit the bat.
You kill the bat!
The hobgoblin barely misses you.
A hobgoblin is nearby!
You hit the hobgoblin.
The hobgoblin is severely wounded.
The hobgoblin closely misses you.
You hit the hobgoblin but do no damage.
The hobgoblin is severely wounded.
The hobgoblin barely misses you. The hobgoblin closely misses you.
Are you sure you want to abandon this character and quit the game? (Confirm with "yes".)

███..≈..██..(.. .
█...≈≈≈....█ .█
█.█..≈..█..█ .█
█.██...███.█ █. .
███.████.██ █
███.████.█.†.....█
...█........†.████..█
█...†.██...█████
█...g@.$..(......
........██..)██████
.......████......
.....██ █████...
..... ██ .... ... ...


You could see a hobgoblin.

Vanquished Creatures
  2 ball pythons (D:1)
  2 bats (D:1)
  2 endoplasms (D:1)
  2 giant cockroaches (D:1)
  4 goblins (D:1)
  3 hobgoblins (D:1)
  2 quokkas (D:1)
  4 frilled lizards (D:1)
  A rat (D:1)
22 creatures vanquished.

Notes
Turn   | Place    | Note
-------+----------+-------------------------------------------
     0 | D:1      | nht the Demonspawn Artificer began the quest for the Orb.
     0 | D:1      | Reached XP level 1. HP: 15/15 MP: 1/1
    95 | D:1      | Gained mutation: You sometimes gain a little power by
                  | taking damage. [demonic ancestry]
    95 | D:1      | Reached XP level 2. HP: 21/21 MP: 2/2
   468 | D:1      | Reached skill level 4 in Evocations
   848 | D:1      | Quit the game

Illustrated notes

Levels and vault maps discovered:
D:1:      eino_arrival_druids_welcome, layout_loops_ring,
          amcnicky_mini_pool_small, chequers_serial_rivers_micro_a,
          serial_park_tiny_2
D:2:      layout_loops_corners, ebering_ecumenical_altar_ruins,
          kennysheep_generic_room_13, uniq_robin, uniq_natasha

Skill      XL: |  1  2 |
---------------+-------+-----
Evocations     | 4 |  4.1
Fighting       | |  1.0
Armour         | |  1.7
Dodging        | |  0.8
Stealth        | |  0.8

Action                   || total
-------------------------++-------
Melee: Club              ||    46
Evoke: Wand              ||    15
Armor: Leather armour    ||    12
Dodge: Dodged            ||    28

Table legend: (Time is in decaauts)
 A = Elapsed time spent in this place.
 B = Non-inter-level travel time spent in this place.
 C = Inter-level travel time spent in this place.
 D = Time resting spent in this place.
 E = Time spent auto-exploring this place.
 F = Levels seen in this place.
 G = Mean time per level.
                   A        B        C        D        E       F      G
               +--------+--------+--------+--------+--------+-----+--------+
         Total |    862 |    862 |      0 |      0 |    738 |   2 |  431.0 |
       Dungeon |    862 |    862 |      0 |      0 |    738 |   2 |  431.0 |
               +--------+--------+--------+--------+--------+-----+--------+

Top non-repeatable levels by time:
     D:1: 861 daAuts
     D:2: 1 daAuts
